 Dungeon Crawl Stone Soup version 0.28.0-45-g0d030f2227 (webtiles) character file.

Game seed: 932536509839875333

504 DasRunzen the Ducker (level 7, -8/50 HPs)
             Began as a Djinni Fire Elementalist on Apr 1, 2022.
             Mangled by an iguana (13 damage)
             ... on level 4 of the Dungeon on Apr 13, 2022.
             The game lasted 00:08:46 (6378 turns).

DasRunzen the Ducker (Djinni Fire Elementalist)     Turns: 6378, Time: 00:08:47

Health: -8/50      AC:  3    Str: 13    XL:     7   Next: 41%
Gold:   153        EV: 13    Int: 19    God:
                   SH:  0    Dex: 13

rFire   + + .      SeeInvis .   i - +6 dagger
rCold   . . .      Faith    .   (no shield)
rNeg    . . .      Spirit   .   a - +1 robe
rPois   ∞          Reflect  .   (no helmet)
rElec   .          Harm     .   (no cloak)
rCorr   .          Rampage  .   (no gloves)
Will    .....                   (boots unavailable)
Stlth   ++........              (no amulet)
HPRegen 0.16/turn               c - +6 ring of strength
MPRegen 0.00/turn               g - ring of protection from cold

@: flying, very slightly contaminated
A: sickness immunity, fire resistance 2, cold vulnerability 1, float, innate
caster, HP casting, extra vitality 1
a: no special abilities


You were on level 4 of the Dungeon.
You visited 2 branches of the dungeon, and saw 6 of its levels.

You collected 153 gold pieces.

Inventory:

Hand Weapons
 i - a +6 dagger (weapon)
Missiles
 e - a throwing net
Armour
 a - a +1 robe (worn)
Jewellery
 c - a +6 ring of strength (left hand)
 g - a ring of protection from cold (right hand)
Wands
 k - a wand of iceblast (10)
Scrolls
 b - a scroll of silence
 d - a scroll of teleportation {unknown}
Potions
 f - 2 potions of cancellation
 h - a potion of heal wounds {unknown}


   Skills:
 + Level 3.4 Fighting
 + Level 3.4 Armour
 + Level 4.4 Dodging
 - Level 1.5 Stealth
 + Level 3.6 Spellcasting


You couldn't memorise any spells.
You knew the following spells:

 Your Spells              Type           Power      Damage    Failure   Level
a - Foxfire               Conj/Fire      68%        2x1d7     3%          1
b - Scorch                Fire           34%        2d6       4%          2
c - Conjure Flame         Conj/Fire      17%        6-21      10%         3
d - Inner Flame           Hex/Fire       17%        N/A       10%         3
e - Flame Wave            Conj/Fire      17%        2d6       30%         4
f - Beastly Appendage     Tmut           34%        N/A       3%          1
g - Passwall              Tmut/Erth      14%        N/A       4%          2
h - Mephitic Cloud        Conj/Pois/Air  17%        N/A       10%         3
Your spell library was empty.

Dungeon Overview and Level Annotations

Branches:
Dungeon (5/15)             Temple (1/1) D:4

Altars:
Ashenzari
Cheibriados
Dithmenos
Elyvilon
Fedhas
Gozag
Hepliaklqana
Makhleb
Okawaru
Qazlal
Ru
Sif Muna
Trog
Uskayaw
Vehumet
Wu Jian
Xom
Yredelemnul
Zin
The Shining One


Innate Abilities, Weirdness & Mutations

You are immune to sickness and miasma.
You are immune to poison.
Your flesh is very heat resistant. (rF++)
You are vulnerable to cold. (rC-)
You float through the air rather than walking.
You learn spells naturally, not from books.
Your magical power is your life essence.
You have superior vitality. (+4 MHP)


Message History

There is a stone staircase leading down here.
Casting: Scorch (safe; 4% risk of failure)
Confirm with . or Enter, or press ? or * to list all spells.
Flames lash the iguana.
The iguana is moderately wounded.
The iguana's fire resistance burns away.
The orc barely misses you. The iguana barely misses you.
Casting: Scorch (safe; 4% risk of failure)
Confirm with . or Enter, or press ? or * to list all spells.
Flames lash the orc.
You kill the orc!
The iguana bites you but does no damage.
Casting: Scorch (safe; 4% risk of failure)
Confirm with . or Enter, or press ? or * to list all spells.
You miscast Scorch.
You are very lightly contaminated with residual magic.
Nothing appears to happen.
The iguana bites you!
Casting: Scorch (safe; 4% risk of failure)
Confirm with . or Enter, or press ? or * to list all spells.
Flames lash the iguana.
The iguana is heavily wounded.
The iguana barely misses you.
Casting: Scorch (safe; 4% risk of failure)
Confirm with . or Enter, or press ? or * to list all spells.
Flames lash the iguana.
The iguana is burned terribly!
The iguana is severely wounded.
The iguana bites you!
Casting: Scorch (safe; 4% risk of failure)
Confirm with . or Enter, or press ? or * to list all spells.
Flames lash the iguana but do no damage.
* * * LOW HITPOINT WARNING * * *
The iguana bites you!
* * * LOW HITPOINT WARNING * * *
Unknown command.
Casting: Scorch (safe; 4% risk of failure)
Confirm with . or Enter, or press ? or * to list all spells.
Flames lash the iguana but do no damage.
* * * LOW HITPOINT WARNING * * *
The iguana bites you!
You die...

...............>.# #.....#
################.# #.....#
.............:.#.# #.....#
...........).#.#.# ########...###
###..#.#####)#.#.# #.......##.###
.....#.......).#.# #.......#....#
####.##....#####.###.......#....#
.....#.........)[.##......[.....#
.....#.....#...l@.##............#
.....#.....#...)..##.............
..##.#..#.##...............###..#
..##.#....................##<##..
..##.##.#.##.........######...#..
........#.####[.....(######.).###
#.##.####.# #####..##...##.).##.
#.##.####.# #.##>.⌠.)##.##..
#.##......# #.###...'##)##..


You could see an iguana (combustible).

Vanquished Creatures
  A black bear (D:4)
  An ogre (D:3)
  A phantom (D:4)
  Ijyb (D:3)
  An iguana (D:2)
  3 gnolls (D:4)
  5 adders
  2 adder skeletons (D:4)
  2 worms
  3 dart slugs
  18 orcs
  6 bats
  7 endoplasms
  2 giant cockroaches
  2 goblins (D:1)
  8 hobgoblins
  4 jackals
  7 quokkas
  7 ball pythons
  A jackal skeleton (D:4)
  5 kobolds
  A quokka skeleton (D:4)
  4 rats
92 creatures vanquished.

Vanquished Creatures (others)
  345 foxfires
345 creatures vanquished.

Grand Total: 437 creatures vanquished

Notes
Turn   | Place    | Note
-------+----------+-------------------------------------------
     0 | D:1      | DasRunzen the Djinni Fire Elementalist began the quest for
                  | the Orb.
     0 | D:1      | Reached XP level 1. HP: 15/15 MP: 0/0
   220 | D:1      | Found a faded altar of an unknown god.
   527 | D:1      | Reached XP level 2. HP: 20/22 MP: 0/0
   594 | D:1      | You are sucked into a shaft and drop 1 floor!
   919 | D:1      | Reached skill level 1 in Fighting
   925 | D:1      | Reached XP level 3. HP: 16/27 MP: 0/0
   925 | D:1      | Learned a level 1 spell: Beastly Appendage
  1190 | D:1      | Reached skill level 1 in Armour
  1720 | D:2      | Found a glowing golden altar of the Shining One.
  1804 | D:2      | Reached XP level 4. HP: 26/32 MP: 0/0
  2412 | D:2      | Reached skill level 3 in Dodging
  2642 | D:3      | Noticed Ijyb
  3051 | D:3      | Killed Ijyb
  3052 | D:3      | Reached XP level 5. HP: 24/38 MP: 0/0
  3052 | D:3      | Learned a level 2 spell: Passwall
  4230 | D:4      | Noticed a phantom
  4239 | D:4      | Killed a phantom
  4240 | D:4      | Reached XP level 6. HP: 27/45 MP: 0/0
  4546 | D:4      | Noticed an ogre
  4567 | D:3      | Killed an ogre
  4568 | D:3      | Reached skill level 4 in Dodging
  5052 | D:4      | Noticed a black bear
  5060 | D:4      | Killed a black bear
  5061 | D:4      | Reached XP level 7. HP: 37/50 MP: 0/0
  5061 | D:4      | Learned a level 3 spell: Mephitic Cloud
  5433 | D:4      | Found a staircase to the Ecumenical Temple.
  5444 | Temple   | Entered the Ecumenical Temple
  6267 | D:5      | Entered Level 5 of the Dungeon
  6378 | D:4      | Mangled by an iguana

Illustrated notes

Levels and vault maps discovered:
D:1:      dpeg_arrival_court, layout_basic, hellmonk_ecumenical_altar_blasted
D:2:      layout_loops_cross, basic_altar
D:3:      layout_basic, minmay_bisected, uniq_ijyb
D:4:      layout_basic, minmay_temple_entry_glassed_door, serial_bayou_pond_e,
          grunt_ministairs_4, serial_bayou_pond_c
D:5:      layout_layer_cave, uniq_pikel
Temple:   mainiacjoe_temple_big_plus

Skill      XL: |  1  2  3  4  5  6 |
---------------+-------------------+-----
Fighting       | 1 2 3 |  3.4
Armour         | 1 2 3 |  3.4
Dodging        | 3 4 |  4.4
Spellcasting   | 3 |  3.6
Stealth        | |  1.5

Action                   |  1- 3 |  4- 6 |  7- 9 || total
-------------------------+-------+-------+-------++-------
 Cast: Foxfire           |    76 |   105 |    30 ||   211
       Scorch            |     1 |    37 |    15 ||    53
       Inner Flame       |       |       |     3 ||     3
       Mephitic Cloud    |       |       |     1 ||     1
  Use: Scroll            |       |     5 |     1 ||     6
Armor: Robe              |       |     8 |     2 ||    10
Dodge: Dodged            |     3 |    43 |    12 ||    58
